 Dungeon Crawl Stone Soup version 0.29.1-1-gd02db6906a (webtiles) character file.

Game seed: 17713601251232819202

6166 plokij the Carver (level 10, -5/91 HPs)
             Began as a Minotaur Fighter on Oct 20, 2022.
             Was a Priest of Okawaru.
             Slain by a vampire (6 damage)
             ... on level 9 of the Dungeon.
             The game lasted 00:25:26 (11534 turns).

plokij the Carver (Minotaur Fighter)               Turns: 11534, Time: 00:25:27

Health: -5/91      AC: 22    Str: 21    XL:     10   Next: 60%
Magic:  7/9        EV: 16    Int:  5    God:    Okawaru [***...]
Gold:   412        SH:  8    Dex: 20    Spells: 9/9 levels left

rFire   . . .      SeeInvis .   a - +0 long sword
rCold   . . .      Faith    .   c - +0 buckler
rNeg    + . .      Spirit   .   U - +0 chain mail
rPois   .          Reflect  .   (helmet restricted)
rElec   .          Harm     .   z - +1 cloak
rCorr   .          Rampage  .   p - +0 pair of gloves
Will    +++..      Clarity  +   L - +0 pair of boots
Stlth   ..........              R - amulet of the Four Winds {rN+ Will+++ Clar}
HPRegen 0.25/turn               F - +6 ring of dexterity
MPRegen 0.11/turn               w - +4 ring of protection

@: heroic
A: horns 2, retaliatory headbutt
a: Renounce Religion, Heroism


You were on level 9 of the Dungeon.
You worshipped Okawaru.
Okawaru was most pleased with you.
You visited 2 branches of the dungeon, and saw 10 of its levels.
You also visited: Ossuary.

You collected 412 gold pieces.

Inventory:

Hand Weapons
 a - a +0 long sword (weapon)
 Q - a +0 arbalest
Armour
 c - a +0 buckler (worn)
 p - a +0 pair of gloves (worn)
 z - a +1 cloak (worn)
 G - a scarf of shadows
 L - a +0 pair of boots (worn)
 T - +0 steam dragon scales
 U - a +0 chain mail (worn)
Magical Staves
 A - a staff of earth
Jewellery
 q - a +4 ring of evasion
 v - an amulet of guardian spirit
 w - a +4 ring of protection (right hand)
 F - a +6 ring of dexterity (left hand)
 J - an amulet of faith
 R - the amulet of the Four Winds (around neck) {rN+ Will+++ Clar}
   (You found it on level 8 of the Dungeon)

   [amulet of nothing]

   rN:        It protects you from negative energy.
   Clar:      It protects you against confusion.
   Will:      It greatly increases your willpower.
Wands
 u - a wand of digging (6)
 E - a wand of iceblast (37)
 I - a wand of polymorph (11)
 S - a wand of paralysis (11)
Scrolls
 g - 6 scrolls of teleportation {unknown}
 i - 5 scrolls of enchant armour {unknown}
 l - 9 scrolls of identify {unknown}
 m - 4 scrolls of silence {unknown}
 s - 2 scrolls of magic mapping {unknown}
 t - 6 scrolls of noise
 x - 2 scrolls of blinking {unknown}
 y - 3 scrolls of immolation
 C - a scroll of fear {unknown}
 K - a scroll of poison {unknown}
 M - a scroll of brand weapon {unknown}
 O - a scroll of summoning {unknown}
 P - a scroll of enchant weapon {unknown}
Potions
 d - a potion of might
 e - 2 potions of lignification {unknown}
 f - 3 potions of curing
 h - 2 potions of haste {unknown}
 j - 7 potions of mutation {unknown}
 k - 4 potions of attraction {unknown}
 n - 4 potions of flight {unknown}
 o - 4 potions of brilliance {unknown}
 r - a potion of invisibility {unknown}
 B - 2 potions of ambrosia {unknown}
 D - 3 potions of heal wounds {unknown}
 H - 9 potions of degeneration
 N - 2 potions of cancellation {unknown}


   Skills:
 + Level 9.0(14.0) Fighting
 + Level 9.1(14.1) Long Blades
 + Level 9.0(14.0) Armour
 + Level 8.9(13.9) Dodging
 + Level 9.0(14.0) Shields


You had 9 spell levels left.
You didn't know any spells.
Your spell library contained the following spells:

 Spells                   Type           Power      Damage    Failure   Level
 Slow                     Hex            0%         N/A       97%         1
 Blink                    Tloc           0%         N/A       99%         2
 Confusing Touch          Hex            0%         N/A       100%        3
 Lesser Beckoning         Tloc           0%         N/A       100%        3
 Vampiric Draining        Necr           0%         2d6       100%        3
 Flame Wave               Conj/Fire      0%         2d4       100%        4
 Leda's Liquefaction      Hex/Erth       0%         N/A       100%        4
 Lee's Rapid Deconstruct  Erth           0%         3d5*      100%        5
 Manifold Assault         Tloc           0%         N/A       100%        5
 Conjure Ball Lightning   Conj/Air       0%         3x3d6     100%        6
 Statue Form              Tmut/Erth      0%         N/A       100%        6
 Summon Lightning Spire   Summ/Air       Unusable   N/A       N/A         4

Dungeon Overview and Level Annotations

Branches:
Dungeon (9/15)             Temple (1/1) D:5         Ossuary (visited)
   Lair: D:8-11         Orc: D:9-12

Altars:
Ashenzari
Cheibriados
Dithmenos
Elyvilon
Fedhas
Gozag
Hepliaklqana
Kikubaaqudgha
Makhleb
Nemelex Xobeh
Okawaru
Qazlal
Ru
Sif Muna
Trog
Uskayaw
Vehumet
Wu Jian
Xom
Yredelemnul
Zin
The Shining One

Shops:
D:7 (   D:8 =(


Innate Abilities, Weirdness & Mutations

You have a pair of horns on your head.
You reflexively headbutt those who attack you in melee.


Message History

You block something's attack. Something bites you but does no damage.
You slash something! Your headbutt misses something.
Something draws life force from you.
You barely miss something. You headbutt something.
Something hits you but does no damage. Something bites you but does no damage.
You hit something but do no damage. Your headbutt misses something.
Something hits you. Something bites you but does no damage.
You barely miss something. You headbutt something.
Something hits you but does no damage. Something bites you but does no damage.
The orc priest invokes the aid of Beogh against you.
Beogh smites you!
You gain the combat prowess of a mighty hero.
You can no longer speed up your combat.
Something completely misses you. Something bites you!
* * * LOW HITPOINT WARNING * * *
Something draws strength from your injuries!
You barely miss something. Something hits you but does no damage.
Something bites you but does no damage.
You barely miss something. Your headbutt misses something.
You closely miss something. Your headbutt misses something.
Something hits you but does no damage. Something bites you.
* * * LOW HITPOINT WARNING * * *
Something draws strength from your injuries!
The orc priest looks braver for a moment.
You hit something but do no damage. Something draws life force from you.
* * * LOW HITPOINT WARNING * * *
You closely miss something. You headbutt something. You barely miss something.
Something hits you but does no damage. Something barely misses you.
You hit something but do no damage. Something closely misses you.
Something bites you but does no damage.
The orc priest mumbles some strange prayers to Beogh against you.
Beogh smites you!
* * * LOW HITPOINT WARNING * * *
You closely miss something. Something closely misses you.
Something bites you but does no damage.
You hit something but do no damage. You hit something but do no damage.
Your headbutt misses something. Something hits you.
You die...

####.### ##.....## ### #.#
#.#.## ##.......## ##.###.#
#....####.......).####...##.##
#.......+....>....')).........
#....####.........####....####
#รท#.## ##.......## ##.#.#
##)### ##.....## ###.# #.))#
##.).## #.# #...# ##@## #.#
#...##########{# #.#
##.##.......##o# #.#
##.##.#####.##o## #.# ##...#.#
#.#...## ##......### #......#
#........[# #.#.[.##
##......#.###o##.####
##...#.#.o.............


You could see an orc priest and an orc.

Vanquished Creatures
  2 hornets (D:8)
  10 yaks (D:9)
  A steam dragon (D:9)
  A water moccasin (D:7)
  An ice beast (D:7)
  2 orc warriors
  A black bear (D:7)
  A sky beast (D:8)
  3 ogres
  3 centaurs
  2 phantoms
  2 kobold brigands
  An elf zombie (D:7)
  4 bullfrogs
  4 elf skeletons (D:7)
  A necrophage (D:6)
  A gnoll sergeant (D:9)
  6 scorpions
  7 wights (D:8)
  5 killer bees (D:9)
  6 electric eels (D:8)
  2 howler monkeys
  4 crimson imps (D:8)
  A human zombie (Ossuary)
  3 jellies
  2 hounds (D:4)
  5 orc priests
  3 iguanas
  3 orc wizards
  3 mummies (Ossuary)
  7 gnolls
  6 adders
  2 white imps
  5 worms
  2 dart slugs (D:2)
  23 orcs
  9 endoplasms
  3 giant cockroaches
  3 gnoll zombies (Ossuary)
  7 goblins
  5 hobgoblins
  4 jackals (D:3)
  4 quokkas
  8 ball pythons
  7 bats
  A frilled lizard (D:2)
  A goblin zombie (Ossuary)
  A hobgoblin zombie (Ossuary)
  9 kobolds
  A kobold zombie (Ossuary)
  An orc skeleton (D:7)
  An orc zombie (Ossuary)
  3 rats
203 creatures vanquished.

Vanquished Creatures (others)
  4 plants (D:8)
4 creatures vanquished.

Grand Total: 207 creatures vanquished

Notes
Turn   | Place    | Note
-------+----------+-------------------------------------------
     0 | D:1      | plokij the Minotaur Fighter began the quest for the Orb.
     0 | D:1      | Reached XP level 1. HP: 19/19 MP: 0/0
   367 | D:1      | Reached XP level 2. HP: 23/27 MP: 1/1
  1083 | D:2      | Reached XP level 3. HP: 16/33 MP: 2/2
  1310 | D:2      | Reached skill level 1 in Dodging
  1850 | D:2      | Reached XP level 4. HP: 32/40 MP: 3/3
  3066 | D:4      | Noticed a scorpion
  3152 | D:4      | Reached XP level 5. HP: 47/47 MP: 4/4
  3205 | D:4      | Noticed a phantom
  3220 | D:4      | Killed a phantom
  3287 | D:4      | Got the Reference Book on the Sweltering Tempest
  3302 | D:4      | Reached XP level 6. HP: 39/53 MP: 3/5
  3586 | D:4      | Reached skill level 5 in Long Blades
  3876 | D:5      | Entered Level 5 of the Dungeon
  3891 | D:5      | Found a staircase to the Ecumenical Temple.
  3920 | Temple   | Entered the Ecumenical Temple
  3981 | Temple   | Became a worshipper of Warmaster Okawaru
  4240 | D:5      | Reached skill level 5 in Fighting
  4240 | D:5      | Reached skill level 5 in Armour
  4240 | D:5      | Reached skill level 5 in Shields
  4281 | D:5      | Reached XP level 7. HP: 53/61 MP: 4/6
  4401 | D:5      | Reached * piety under Okawaru
  5152 | D:6      | Reached skill level 5 in Dodging
  5152 | D:6      | Reached XP level 8. HP: 64/70 MP: 7/7
  5319 | D:6      | Found an ornate altar of the Wu Jian Council.
  5407 | D:6      | Reached ** piety under Okawaru
  5428 | D:6      | Found a basalt altar of Yredelemnul.
  5606 | D:7      | Found a radiant altar of Vehumet.
  5696 | D:7      | Found a sand-covered staircase.
  5712 | Ossuary  | Entered an ossuary
  6240 | D:7      | Reached XP level 9. HP: 71/78 MP: 8/8
  6282 | D:7      | Reached *** piety under Okawaru
  6579 | D:7      | Found Qugoism's Antique Weapon Shoppe.
  6928 | D:7      | Found a sparkling altar of Nemelex Xobeh.
  7385 | D:8      | You fall into a shaft and drop 1 floor!
  7499 | D:8      | Found Nijiasy's Antique Weapon Emporium.
  7977 | D:8      | Reached **** piety under Okawaru
  9126 | D:8      | Found Gogeczo's One-of-a-Kind Rings.
  9140 | D:8      | Paralysed by a hornet for 3 turns
  9676 | D:8      | Found a shimmering altar of Xom.
  9770 | D:8      | Found the amulet of the Four Winds {rN+ Will+++ Clar}
 10108 | D:8      | Reached XP level 10. HP: 88/88 MP: 9/9
 10291 | D:9      | Found a glowing golden altar of the Shining One.
 11531 | D:9      | HP: 1/91 [orc priest/divine providence (12)]
 11534 | D:9      | Slain by a vampire

Illustrated notes

Levels and vault maps discovered:
D:1:      lemuel_arrival_tunnels, layout_loops_cross
D:2:      layout_loops_ring, minmay_misc_feat_pillars, amethyst_killhole
D:3:      layout_loops_cross, minmay_misc_feat_four_crosses,
          hangedman_decor_points, dreamdust_mushroom_princess
D:4:      layout_basic
D:5:      layout_cave_pools, minmay_temple_entry_statues_fountains,
          nicolae_elevator_lobby_asterisk
D:6:      layout_rooms, mainiacjoe_overflow_alcove_4,
          pdpol_wu_jian_five_deadly_venoms
D:7:      layout_cave_pools, nicolae_vehumet_altar_sigil,
          nemelex_dance_club_becter, serial_shops, nicolae_shop_behind_doors,
          nicolae_ossuary_entry_catacombs, hangedman_decor_lopped
D:8:      layout_basic, led_xom_imps, serial_shops, shop, chequers_big_river,
          nicolae_shop_unique_rings
D:9:      cheibrodos_iron_armory, layout_loops_corners,
          mainiacjoe_overflow_small_starburst
Temple:   kb_temple_of_zot

Skill      XL: |  1  2  3  4  5  6  7  8  9 10 |
---------------+-------------------------------+-----
Long Blades    | 3 4 5 6 8 9 |  9.1
Dodging        | 1 2 3 5 6 8 |  8.9
Armour         | 4 5 6 8 9 |  9.0
Shields        | 4 5 6 8 9 |  9.0
Fighting       | 4 5 6 8 9 |  9.0

Action                   |  1- 3 |  4- 6 |  7- 9 | 10-12 || total
-------------------------+-------+-------+-------+-------++-------
Melee: Long sword        |    96 |   102 |   347 |   172 ||   717
       Headbutt          |    14 |    16 |    89 |    39 ||   158
Invok: Heroism           |       |       |     1 |     2 ||     3
  Use: Potion            |       |       |     1 |       ||     1
Armor: Scale mail        |    34 |    49 |   134 |    25 ||   242
       Chain mail        |       |       |       |    45 ||    45
Dodge: Dodged            |    42 |    78 |   180 |    73 ||   373
Block: Buckler           |    17 |    35 |    84 |    61 ||   197
